 Dungeon Crawl Stone Soup version 0.29.1-2-gbd0b4ee654 (webtiles) character file.

Game seed: 11012567786235437153

12 styxcanada the Sneak (level 2, -1/14 HPs)
             Began as a Spriggan Brigand on Nov 16, 2022.
             Frozen to death by an endoplasm (4 damage)
             ... on level 1 of the Dungeon.
             The game lasted 00:00:59 (432 turns).

styxcanada the Sneak (Spriggan Brigand)              Turns: 432, Time: 00:01:00

Health: -1/14      AC:  3    Str:  7    XL:     2   Next: 20%
Magic:  3/3        EV: 16    Int: 12    God:
Gold:   10         SH:  0    Dex: 16    Spells: 1/1 levels left

rFire   . . .      SeeInvis +   a - +2 dagger
rCold   . . .      Faith    .   (no shield)
rNeg    . . .      Spirit   .   b - +0 robe
rPois   .          Reflect  .   (helmet restricted)
rElec   .          Harm     .   c - +0 cloak
rCorr   .          Rampage  .   (gloves unavailable)
Will    .....                   (boots unavailable)
Stlth   +++.......              (no amulet)
HPRegen 0.04/turn               (no ring)
MPRegen 0.08/turn               (no ring)

@: very quick
A: very small, no large weapons, unfitting armour, see invisible, speed 3
a: no special abilities


You were on level 1 of the Dungeon.
You visited 1 branch of the dungeon, and saw 1 of its levels.

You collected 10 gold pieces.

Inventory:

Hand Weapons
 a - a +2 dagger (weapon)
Missiles
 d - 9 poisoned darts (quivered)
 e - 3 curare-tipped darts
Armour
 b - a +0 robe (worn)
 c - a +0 cloak (worn)
Scrolls
 f - a scroll of identify {unknown}


   Skills:
 * Level 1.6 Fighting
 + Level 2.3 Short Blades
 + Level 2.0 Throwing
 * Level 1.5 Dodging
 * Level 6.6 Stealth


You had one spell level left.
You didn't know any spells.
Your spell library was empty.

Dungeon Overview and Level Annotations

Branches:
Dungeon (1/15)

Altars:


Innate Abilities, Weirdness & Mutations

You are very small and have problems with some larger weapons.
You are too small for most types of armour.
You have supernaturally acute eyesight. (SInv)
You cover ground extremely quickly. (Speed+++)


Message History

The jackal barely misses you.
You hit the jackal.
The jackal is heavily wounded.
The jackal barely misses you.
You hit the jackal.
The jackal is severely wounded.
The jackal bites you but does no damage.
You hit the jackal.
You kill the jackal!
You hit the jackal.
The jackal is almost dead.
The jackal bites you but does no damage.
You closely miss the jackal.
The jackal is almost dead.
The jackal misses you.
You closely miss the jackal.
The jackal is almost dead.
The jackal bites you. The jackal barely misses you.
You hit the jackal.
You kill the jackal!
You hit the endoplasm.
The endoplasm is moderately wounded.
The endoplasm freezes you.
You are frozen.
You hit the endoplasm.
The endoplasm is heavily wounded.
The endoplasm barely misses you.
You hit the endoplasm but do no damage.
The endoplasm is heavily wounded.
The endoplasm hits you.
You completely miss the endoplasm.
The endoplasm is heavily wounded.
The endoplasm freezes you.
You are frozen.
* * * LOW HITPOINT WARNING * * *
You hit the endoplasm.
The endoplasm is severely wounded.
The endoplasm freezes you.
You are frozen.
You die...

#P...'...♣.♣..##..
#♣<..'......P.##.#
#P..P#.P.........#
#P..####.....##..#
#P♣.#P.#.P♣..##..#
##P.'.♣#.♣......†#
######P#...♣..##.#
## ##...P.###J#
.#######.....# #@#
......###..#.# #.#
....#..##..### #[#
##.###..##.# #.#
#..###....# #.#
##.# ###### #.#
#.# #.# #.# ..#
#.#


You could see an endoplasm.

Vanquished Creatures
  A dart slug (D:1)
  2 bats (D:1)
  A hobgoblin (D:1)
  3 jackals (D:1)
  A ball python (D:1)
  A frilled lizard (D:1)
  A rat (D:1)
10 creatures vanquished.

Notes
Turn   | Place    | Note
-------+----------+-------------------------------------------
     0 | D:1      | styxcanada the Spriggan Brigand began the quest for the
                  | Orb.
     0 | D:1      | Reached XP level 1. HP: 10/10 MP: 2/2
   211 | D:1      | Reached skill level 6 in Stealth
   402 | D:1      | Found a faded altar of an unknown god.
   407 | D:1      | Reached XP level 2. HP: 14/14 MP: 3/3
   432 | D:1      | Frozen to death by an endoplasm

Illustrated notes

Levels and vault maps discovered:
D:1:      denvon_arrival_planthouse, layout_basic,
          hellmonk_ecumenical_altar_dog_temple, minmay_misc_feat_rugged,
          st_stairs_9

Skill      XL: |  1 |
---------------+----+-----
Stealth        | 6 |  6.6
Fighting       | |  1.6
Short Blades   | |  2.3
Throwing       | |  2.0
Dodging        | |  1.5

Action                   || total
-------------------------++-------
Melee: Dagger            ||    46
 Stab: Sleeping          ||     2
Armor: Robe              ||     4
Dodge: Dodged            ||    27
